zook supermaxxing

Match 19387277
End
Construct Barracks
Selects Armored Battlegroup
Selects Veteran Crews
Selects Fast Deploy
1⁄4-ton 4x4 Truck
Riflemen Squad
Riflemen Squad
Construct Weapon Support Center
Bazooka Squad
Grenade Package
M1919 Machine Gun Team
Selects M31 Recovery Vehicle
Infantry Support Center
Construct Medical Station
Bazooka Squad
Construct Motor Pool
Selects War Machine
M8 Greyhound Armored Car
Engineer Squad
M8 Greyhound Armored Car
Advanced Logistics
M1 Anti-tank Gun Team
Riflemen Squad
M1918 Browning Automatic Rifles
Munitions Surplus
Selects Seek and Destroy
Construct Tank Depot
M1 Anti-tank Gun Team
M4(105) Sherman Bulldozer
Engineer Squad
Selects M4A3E8 Sherman Combat Group
M4(105) Sherman Bulldozer
Oziligath
Treadz
0
0

Comments sign in to comment!

No comments posted yet!